 Dungeon Crawl Stone Soup version 0.30-a0-586-g23e55c9e0a (webtiles) character file.

Game seed: 10464359866032362596

2873 wormed the Protected (level 9, -2/66 HPs)
             Began as a Gnoll Wanderer on Jan 4, 2023.
             Was a Priest of Cheibriados.
             Slain by a wyvern simulacrum (9 damage)
             ... on level 8 of the Dungeon.
             The game lasted 00:14:47 (8137 turns).

wormed the Protected (Gnoll Wanderer)               Turns: 8137, Time: 00:14:48

Health: -2/66      AC: 16    Str: 18    XL:     9   Next: 76%
Magic:  17/17      EV: 12    Int: 23    God:    Cheibriados [***...]
Gold:   451        SH:  5    Dex: 18    Spells: 19/19 levels left

rFire   x . .      SeeInvis .    a - +1 whip (elec)
rCold   + + .      Faith    .    (no shield)
rNeg    . . .      Spirit   .    b - +0 ice dragon scales
rPois   +          Reflect  +    i - +1 hat
rElec   .          Harm     .    u - scarf {repulsion}
rCorr   .          Rampage  .    d - +0 pair of gloves
Will    .....                    (no boots)
Stlth   +                        l - amulet of reflection
HPRegen 0.31/turn                y - ring of poison resistance
MPRegen 0.15/turn                (no ring)

@: repel missiles, very slow
A: fangs 1, strong nose, distributed training, iridescent scales 1, clever 1,
mutation resistance 1
a: Renounce Religion, Bend Time, Temporal Distortion


You were on level 8 of the Dungeon.
You worshipped Cheibriados.
Cheibriados was most pleased with you.
You visited 2 branches of the dungeon, and saw 9 of its levels.

You collected 451 gold pieces.

Inventory:

Hand Weapons
 a - a +1 whip of electrocution (weapon)
Missiles
 h - 3 javelins (quivered)
 w - 2 poisoned darts
Armour
 b - +0 ice dragon scales (worn)
 d - a +0 pair of gloves (worn)
 i - a +1 hat (worn)
 u - a scarf of repulsion (worn)
Magical Staves
 m - a staff of earth
 v - a staff of poison
Jewellery
 l - an amulet of reflection (around neck)
 y - a ring of poison resistance (left hand)
Scrolls
 f - 2 scrolls of amnesia
 o - 5 scrolls of identify
 p - a scroll of enchant armour
 s - 2 scrolls of enchant weapon
 t - 4 scrolls of poison
Potions
 k - 2 potions of flight
 n - a potion of cancellation
 r - a potion of curing


   Skills:
 + Level 4.7 Fighting
 + Level 4.7 Short Blades
 + Level 4.7 Long Blades
 + Level 4.7 Axes
 + Level 4.7 Maces & Flails
 + Level 4.7 Polearms
 + Level 4.7 Staves
 + Level 4.7 Ranged Weapons
 + Level 5.4 Throwing
 + Level 8.2 Armour
 + Level 5.4 Dodging
 + Level 4.7 Stealth
 + Level 4.7 Shields
 + Level 4.7 Unarmed Combat
 + Level 5.6 Spellcasting
 + Level 3.9 Conjurations
 + Level 3.9 Hexes
 + Level 3.9 Summonings
 + Level 3.9 Necromancy
 + Level 3.9 Translocations
 + Level 3.9 Transmutations
 + Level 3.9 Fire Magic
 + Level 4.5 Ice Magic
 + Level 6.8 Air Magic
 + Level 3.9 Earth Magic
 + Level 3.9 Poison Magic
 + Level 5.2 Invocations
 + Level 4.7 Evocations


You had 19 spell levels left.
You didn't know any spells.
Your spell library contained the following spells:

 Spells                   Type           Power      Damage    Failure   Level
 Shock                    Conj/Air       100%       1d9       3%          1
 Freeze                   Ice            100%       1d10      4%          1
 Static Discharge         Conj/Air       62%        2-5/arc   4%          2
 Slow                     Hex            96%        N/A       6%          1
 Vhi's Electric Charge    Tloc/Air       62%        N/A       10%         3
 Ozocubu's Armour         Ice            27%        N/A       14%         3
 Gell's Gravitas          Tloc           24%        N/A       17%         3
 Lesser Beckoning         Tloc           48%        N/A       17%         3
 Teleport Other           Tloc           24%        N/A       17%         3
 Animate Armour           Summ/Erth      48%        N/A       50%         4
 Fulminant Prism          Conj/Hex       12%        3d9       50%         4
 Blade Hands              Tmut           12%        N/A       85%         5
 Dispersal                Tloc           12%        N/A       100%        6
 Iron Shot                Conj/Erth      12%        9d3       100%        6
 Enfeeble                 Hex            12%        N/A       100%        7


Dungeon Overview and Level Annotations

Branches:
Dungeon (8/15)             Temple (1/1) D:4
   Lair: D:8-11

Altars:
Ashenzari
Cheibriados
Dithmenos
Elyvilon
Fedhas
Gozag
Hepliaklqana
Kikubaaqudgha
Makhleb
Nemelex Xobeh
Okawaru
Qazlal
Ru
Sif Muna
Trog
Uskayaw
Vehumet
Wu Jian
Xom
Yredelemnul
Zin
The Shining One
Lugonu

Portals:
Abyss: D:6

Annotations:
D:6 2 runed translucent doors


Innate Abilities, Weirdness & Mutations

You have very sharp teeth.
Your uncanny sense of smell can sniff out nearby items.
Your experience applies equally to all skills.
You are partially covered in iridescent scales. (AC +2)
Your mind is acute. (Int +4, Str/Dex -1)
You are somewhat resistant to further mutation.


Message History

The electric eel is lightly wounded.
You closely miss the electric eel.
You bite the electric eel, but do no damage.
The electric eel is lightly wounded.
You closely miss the electric eel.
The electric eel is lightly wounded.
The wyvern simulacrum bites you but does no damage.
The electric eel shoots out a bolt of lightning at you!
The bolt of electricity hits you!
You are too injured to fight recklessly!
You barely miss the electric eel.
The wyvern simulacrum bites you but does no damage.
The electric eel shoots out a bolt of lightning at you!
The bolt of electricity hits you. The lemure hits you but does no damage.
The wyvern simulacrum bites you but does no damage.
You whack the electric eel!
The electric eel is heavily wounded.
The lemure splashes around in the water.
The wyvern simulacrum barely misses you.
You whack the electric eel!
The electric eel is almost dead.
The electric eel shoots out a bolt of lightning at you!
The bolt of electricity hits you!
* * * LOW HITPOINT WARNING * * *
The wyvern simulacrum misses you. The lemure hits you.
* * * LOW HITPOINT WARNING * * *
Throw: 4 javelins
Press: ? - help, Q - select action, (/) - cycle Shift-Dir - straight line, f - electric eel
Aim: an electric eel (almost dead, 50% to hit)
You throw a javelin.
The javelin pierces through the electric eel!
You kill the electric eel!
Cheibriados thoroughly appreciates the change of pace.
You hear a splash. x2
The wyvern simulacrum bites you but does no damage.
The lemure hits you but does no damage.
You hit the lemure but do no damage. Lightning courses through the lemure!
The lemure is heavily wounded.
The wyvern simulacrum bites you!
You die...

.. #....
.........(..###...
###...........#.....
##.................).
........~~....Z.....
#..!~~~~~..~.....~~
#......)~....~~~~~.
#####(≈5~≈~~~~~~~~.....
#≈≈≈≈~@Z~≈~~≈~~........
#######........~~~.....
##....~~~~~.....#
####........####
####..(### #####


You could see a lemure and a wyvern simulacrum.

Vanquished Creatures
  Pikel (D:7)
  Grinder (D:3)
  Prince Ribbit (D:6)
  Sigmund (D:6)
  An orc warrior (D:7)
  Pargi (D:3)
  An ice beast (D:7)
  A sky beast (D:7)
  2 ogres
  3 centaurs
  A phantom (D:5)
  A scorpion (D:5)
  A necrophage (D:5)
  An electric eel (D:8)
  2 howler monkeys
  3 hounds
  A jelly (D:6)
  3 orc priests
  3 iguanas
  9 orc wizards
  7 adders
  6 gnolls
  2 shadow imps
  2 white imps
  A worm (D:2)
  3 dart slugs
  36 orcs
  6 bats
  6 endoplasms
  A giant cockroach (D:2)
  10 hobgoblins
  2 quokkas
  8 ball pythons
  2 frilled lizards
  9 goblins
  8 kobolds
  5 rats
152 creatures vanquished.

Notes
Turn   | Place    | Note
-------+----------+-------------------------------------------
     0 | D:1      | wormed the Gnoll Wanderer began the quest for the Orb.
     0 | D:1      | wormed set off with the following items: a +0 club, a
                  | potion of heal wounds, a +0 scale mail; and the following
                  | spells available to memorise: Shock, Freeze, Static
                  | Discharge, Vhi's Electric Charge, Ozocubu's Armour.
     0 | D:1      | Reached XP level 1. HP: 13/13 MP: 4/4
   183 | D:1      | Reached XP level 2. HP: 14/19 MP: 5/5
   549 | D:1      | Reached XP level 3. HP: 22/22 MP: 7/7
   829 | D:2      | Reached skill level 1 in Invocations
   999 | D:2      | Reached skill level 1 in Fighting
   999 | D:2      | Reached skill level 1 in Short Blades
   999 | D:2      | Reached skill level 1 in Long Blades
   999 | D:2      | Reached skill level 1 in Axes
   999 | D:2      | Reached skill level 1 in Maces & Flails
   999 | D:2      | Reached skill level 1 in Polearms
   999 | D:2      | Reached skill level 1 in Staves
   999 | D:2      | Reached skill level 1 in Ranged Weapons
   999 | D:2      | Reached skill level 1 in Stealth
   999 | D:2      | Reached skill level 1 in Shields
   999 | D:2      | Reached skill level 1 in Unarmed Combat
   999 | D:2      | Reached skill level 1 in Evocations
  1124 | D:2      | Reached XP level 4. HP: 32/32 MP: 8/8
  1225 | D:2      | Reached skill level 1 in Conjurations
  1225 | D:2      | Reached skill level 1 in Hexes
  1225 | D:2      | Reached skill level 1 in Summonings
  1225 | D:2      | Reached skill level 1 in Necromancy
  1225 | D:2      | Reached skill level 1 in Translocations
  1225 | D:2      | Reached skill level 1 in Transmutations
  1225 | D:2      | Reached skill level 1 in Fire Magic
  1225 | D:2      | Reached skill level 1 in Earth Magic
  1225 | D:2      | Reached skill level 1 in Poison Magic
  1713 | D:3      | Noticed Pargi
  1734 | D:3      | Killed Pargi
  1735 | D:3      | Reached XP level 5. HP: 32/38 MP: 6/9
  2249 | D:3      | Reached XP level 6. HP: 44/44 MP: 11/11
  2255 | D:3      | Found a sacrificial altar of Ru.
  2325 | D:3      | Noticed Grinder
  2347 | D:3      | Paralysed by Grinder for 3 turns
  2361 | D:3      | Paralysed by Grinder for 2 turns
  2365 | D:3      | HP: 1/44 [Grinder (3)]
  2366 | D:3      | Paralysed by Grinder for 5 turns
  2372 | D:3      | Killed Grinder
  2373 | D:3      | Reached skill level 7 in Armour
  2373 | D:3      | Reached XP level 7. HP: 3/50 MP: 0/12
  2929 | D:4      | Found a staircase to the Ecumenical Temple.
  2978 | Temple   | Entered the Ecumenical Temple
  3130 | Temple   | Became a worshipper of Cheibriados the Contemplative
  3448 | D:4      | Gained mutation: You are weak. (Str -2) [potion of
                  | mutation]
  3448 | D:4      | Gained mutation: You have a pair of small horns on your
                  | head. [potion of mutation]
  3450 | D:4      | HP: 2/51 [orc/+0 morningstar of pain (5)]
  3461 | D:4      | HP: 2/51 [orc/+0 morningstar of pain (1)]
  3469 | D:4      | HP: 2/51 [orc/+0 morningstar of pain (2)]
  3712 | D:4      | Got Midowiosu's Handbook of Beguiling
  3946 | D:5      | Entered Level 5 of the Dungeon
  4141 | D:5      | Reached * piety under Cheibriados
  4161 | D:5      | Reached XP level 8. HP: 58/58 MP: 14/14
  5272 | D:6      | Found a hide-covered altar of Uskayaw.
  5272 | D:6      | Noticed a +0 spear
  5272 | D:6      | Noticed a +0 dagger
  5272 | D:6      | Noticed a +0 dagger
  5272 | D:6      | Noticed a +0 falchion
  5273 | D:6      | Noticed a +0 short sword
  5275 | D:6      | Noticed a +0 spear
  5275 | D:6      | Noticed a +0 short sword
  5275 | D:6      | Noticed a +0 falchion
  5490 | D:6      | Noticed Prince Ribbit
  5508 | D:6      | Killed Prince Ribbit
  5557 | D:6      | HP: 3/60 [orc wizard/magic dart (6)]
  5750 | D:6      | Lost mutation: You are weak. (Str -2) [potion of mutation]
  5750 | D:6      | Lost mutation: You have a pair of small horns on your head.
                  | [potion of mutation]
  5750 | D:6      | Gained mutation: Your skin changes colour to match your
                  | surroundings (Stealth+). [potion of mutation]
  5750 | D:6      | Gained mutation: Potions are less effective at restoring
                  | your health. [potion of mutation]
  5751 | D:6      | Lost mutation: Your skin changes colour to match your
                  | surroundings (Stealth+). [potion of mutation]
  5751 | D:6      | Lost mutation: Potions are less effective at restoring your
                  | health. [potion of mutation]
  5751 | D:6      | Gained mutation: You do not regenerate when monsters are
                  | visible. [potion of mutation]
  5751 | D:6      | Gained mutation: You occasionally shout uncontrollably at
                  | your foes. [potion of mutation]
  5782 | D:6      | Found a large runed translucent door.
  5782 | D:6      | Found a large runed translucent door.
  5782 | D:6      | Found a corrupted altar of Lugonu.
  5892 | D:6      | Found a blossoming altar of Fedhas.
  5936 | D:6      | Found a one-way gate to the infinite horrors of the Abyss.
  5936 | D:6      | Identified the +5 rapier "Maikle" {distort, rN++}
  5961 | D:6      | Noticed Sigmund
  5962 | D:6      | Reached ** piety under Cheibriados
  5972 | D:6      | Killed Sigmund
  5973 | D:6      | Reached skill level 5 in Spellcasting
  5973 | D:6      | Reached XP level 9. HP: 50/65 MP: 13/16
  6486 | D:7      | Found a radiant altar of Vehumet.
  6486 | D:7      | Found a white marble altar of Elyvilon.
  6486 | D:7      | Found a shimmering altar of Xom.
  6486 | D:7      | Found a broken altar of Ashenzari.
  6495 | D:7      | Found a glowing golden altar of the Shining One.
  6499 | D:7      | Found a burning altar of Makhleb.
  6723 | D:7      | Reached skill level 5 in Throwing
  6723 | D:7      | Reached skill level 5 in Dodging
  7469 | D:7      | Lost mutation: You occasionally shout uncontrollably at
                  | your foes. [potion of mutation]
  7469 | D:7      | Lost mutation: You do not regenerate when monsters are
                  | visible. [potion of mutation]
  7469 | D:7      | Gained mutation: You occasionally shout uncontrollably at
                  | your foes. [potion of mutation]
  7469 | D:7      | Gained mutation: You have sharp fingernails. [potion of
                  | mutation]
  7470 | D:7      | Lost mutation: You have sharp fingernails. [potion of
                  | mutation]
  7470 | D:7      | Lost mutation: You occasionally shout uncontrollably at
                  | your foes. [potion of mutation]
  7470 | D:7      | Gained mutation: You are partially covered in iridescent
                  | scales. (AC +2) [potion of mutation]
  7470 | D:7      | Gained mutation: Your mind is acute. (Int +4, Str/Dex -1)
                  | [potion of mutation]
  7470 | D:7      | Gained mutation: You are somewhat resistant to further
                  | mutation. [potion of mutation]
  7601 | D:8      | Noticed Pikel
  7664 | D:8      | Reached skill level 8 in Armour
  7722 | D:8      | Reached *** piety under Cheibriados
  7752 | D:7      | Killed Pikel
  7753 | D:7      | Reached skill level 5 in Invocations
  8137 | D:8      | Slain by a wyvern simulacrum

Illustrated notes

Levels and vault maps discovered:
D:1:      roderic_crossed_star, layout_basic
D:2:      layout_basic, minmay_heptomino_o4
D:3:      layout_basic, mainiacjoe_overflow_concentric_impassable, uniq_pargi,
          uniq_grinder
D:4:      layout_cave_pools, minmay_temple_entry_wispy, grunt_decor_fettered
D:5:      layout_layer_cave
D:6:      due_chaos_kobolds, layout_basic, nicolae_uskayaw_en_pointe,
          fedhas_bush_and_centaur_altar, uniq_prince_ribbit1, uniq_sigmund
D:7:      layout_basic, minmay_overflow_temple_hex,
          chequers_serial_rivers_room_b
D:8:      layout_cave_pools, serial_ice, serial_ice_k, serial_ice_f,
          serial_ice_d, serial_ice_h, moated_statue, uniq_pikel, uniq_erica
Temple:   hellmonk_temple_forest_ring

Skill      XL: |  1  2  3  4  5  6  7  8  9 |
---------------+----------------------------+-----
Ice Magic      | 2 3 4 |  4.5
Invocations    | 1 2 3 4 5 |  5.2
Fighting       | 1 2 3 4 |  4.7
Short Blades   | 1 2 3 4 |  4.7
Long Blades    | 1 2 3 4 |  4.7
Axes           | 1 2 3 4 |  4.7
Maces & Flails | 1 2 3 4 |  4.7
Polearms       | 1 2 3 4 |  4.7
Staves         | 1 2 3 4 |  4.7
Ranged Weapons | 1 2 3 4 |  4.7
Stealth        | 1 2 3 4 |  4.7
Shields        | 1 2 3 4 |  4.7
Unarmed Combat | 1 2 3 4 |  4.7
Evocations     | 1 2 3 4 |  4.7
Spellcasting   | 3 4 5 |  5.6
Conjurations   | 1 2 3 |  3.9
Hexes          | 1 2 3 |  3.9
Summonings     | 1 2 3 |  3.9
Necromancy     | 1 2 3 |  3.9
Translocations | 1 2 3 |  3.9
Transmutations | 1 2 3 |  3.9
Fire Magic     | 1 2 3 |  3.9
Earth Magic    | 1 2 3 |  3.9
Poison Magic   | 1 2 3 |  3.9
Throwing       | 3 4 5 |  5.4
Dodging        | 3 4 5 |  5.4
Armour         | 7 8 |  8.2
Air Magic      | 6 |  6.8

Action                   |  1- 3 |  4- 6 |  7- 9 || total
-------------------------+-------+-------+-------++-------
Melee: Club              |    96 |       |       ||    96
       Bite              |    15 |    10 |     2 ||    27
       Punch             |     2 |       |       ||     2
       Whip              |    41 |    86 |    15 ||   142
       Sling             |       |       |     5 ||     5
       Headbutt          |       |       |     1 ||     1
 Fire: Sling             |       |       |   318 ||   318
       Shortbow          |       |       |    78 ||    78
Throw: Javelin           |       |     2 |     4 ||     6
  Use: Scroll            |       |     5 |     8 ||    13
       Potion            |       |     3 |    10 ||    13
Armor: Scale mail        |    82 |    51 |   148 ||   281
       Leather armour    |       |       |    12 ||    12
       Ice dragon scales |       |       |     6 ||     6
Dodge: Dodged            |    76 |    42 |   197 ||   315
       Repelled          |       |       |     4 ||     4
Block: Other             |       |       |     9 ||     9
       Reflection        |       |       |     2 ||     2

Table legend: (Time is in decaauts)
 A = Elapsed time spent in this place.
 B = Non-inter-level travel time spent in this place.
 C = Inter-level travel time spent in this place.
 D = Time resting spent in this place.
 E = Time spent auto-exploring this place.
 F = Levels seen in this place.
 G = Mean time per level.
                   A        B        C        D        E       F      G
               +--------+--------+--------+--------+--------+-----+--------+
         Total |   9585 |   8972 |    613 |    630 |   6711 |   9 | 1065.0 |
       Dungeon |   9410 |   8835 |    575 |    630 |   6585 |   8 | 1176.2 |
        Temple |    175 |    138 |     37 |      0 |    126 |   1 |  175.0 |
               +--------+--------+--------+--------+--------+-----+--------+

Top non-repeatable levels by time:
     D:7: 2075 daAuts
     D:5: 1690 daAuts
     D:6: 1477 daAuts
     D:3: 1149 daAuts
     D:4: 1081 daAuts
     D:2: 935 daAuts
     D:1: 800 daAuts
     D:8: 200 daAuts
  Temple: 175 daAuts
